Map: New Repugnancy LE

Players

SortOf

  • Race: Zerg Zerg
  • League: Master
  • Spawn Location: 1:00

Serral - Winner!

  • Race: Zerg Zerg
  • League: Grandmaster
  • Spawn Location: 7:00

Event: HomeStory Cup XIX

VOD

Have the link to the VOD?

Description

Time

  • Played on: June 27, 2019, 4:12 p.m.
  • Length: 5:56

All games in this series

Show
View Real Time Build Order
Export as new Build Order

SortOf Zerg 

Build Orders: Hatch First 

Get SALT Encoding   

  12  0:00  Drone  
  13  0:12  Overlord  
  13  0:17  Drone  
  14  0:31  Drone x2  
  16  0:44  Drone  
  17  0:52  Hatchery  
  17  0:55  Drone  
  17  0:59  Drone  
  18  1:06  Extractor  
  17  1:14  Spawning Pool  
  17  1:18  Drone  
  17  1:21  Drone  
  18  1:31  Drone  
  20  1:40  Drone  
  20  1:51  Overlord  
  20  2:01  Queen  
  22  2:03  Drone  
  22  2:04  Drone, Queen  
  22  2:07  Metabolic Boost  
  26  2:12  Drone  
  26  2:14  Drone  
  28  2:23  Drone  
  28  2:25  Zergling x2  
  30  2:35  Hatchery  
  29  2:37  Drone  
  29  2:41  Overlord  
  30  2:44  Zergling x2  
  31  2:52  Drone  
  31  2:54  Drone  
  31  2:56  Queen  
  35  3:01  Zergling x2  
  36  3:06  Zergling x2  
  36  3:10  Zergling x8  
  41  3:14  Zergling x4  
  41  3:15  Zergling x2  
  44  3:20  Overlord  
  44  3:37  Overlord  
  44  3:39  Drone x4  
  48  3:44  Drone x4  
  52  3:49  Drone x3  
  52  3:55  Roach Warren  
  51  4:07  Drone  
  51  4:08  Drone x4  
  55  4:13  Drone x5  
  60  4:19  Lair  
  60  4:25  Evolution Chamber  
  60  4:27  Drone x4  
  60  4:30  Drone x2, Extractor  
  60  4:31  Extractor  
  63  4:33  Overlord  
  63  4:39  Roach  
  63  4:43  Overlord  
  65  4:48  Overlord  
  65  4:54  Roach  
  65  4:56  Drone x7  
  65  4:58  Extractor  
  70  5:09  Roach  
  70  5:11  Drone  
  70  5:12  Drone x4  
  67  5:17  Roach  
  67  5:19  Queen  
  67  5:20  Drone  
  71  5:23  Roach  
  71  5:27  Evolution Chamber  
  74  5:28  Roach  
  74  5:31  Roach  
  76  5:36  Roach  
Show
View Real Time Build Order
Export as new Build Order

Serral Zerg - Winner!

Build Orders: Hatch First 

Get SALT Encoding   

  12  0:00  Drone  
  13  0:12  Overlord  
  13  0:17  Drone  
  14  0:31  Drone x2  
  16  0:48  Hatchery  
  15  0:51  Drone  
  15  0:55  Drone  
  17  0:58  Drone  
  18  1:09  Extractor  
  17  1:14  Spawning Pool  
  17  1:17  Drone  
  17  1:21  Drone  
  18  1:28  Drone  
  19  1:39  Drone  
  20  1:49  Drone  
  21  1:59  Overlord  
  21  2:01  Queen x2  
  21  2:02  Zergling x2  
  26  2:09  Metabolic Boost  
  26  2:11  Drone  
  26  2:12  Drone  
  28  2:21  Drone x2  
  30  2:36  Hatchery  
  29  2:38  Drone  
  30  2:45  Baneling Nest  
  30  2:46  Drone  
  30  2:51  Overlord  
  30  2:52  Drone  
  30  2:55  Drone  
  30  2:57  Drone  
  33  3:07  Zergling x4  
  33  3:09  Zergling x6  
  33  3:11  Zergling x2  
  39  3:14  Zergling x2  
  39  3:17  Overlord  
  40  3:22  Drone x2  
  42  3:29  Baneling x2  
  42  3:31  Queen  
  44  3:36  Zergling x2, Evolution Chamber  
  44  3:38  Zergling x2  
  44  3:40  Baneling x2  
  45  3:44  Drone x2  
  45  3:46  Drone  
  45  3:48  Baneling  
  48  3:49  Zergling x2  
  48  4:00  Zergling x2  
  48  4:02  Drone x5  
  53  4:04  Drone  
  54  4:11  Overlord  
  54  4:12  Extractor  
  54  4:13  Drone  
  54  4:15  Drone  
  55  4:18  Drone  
  55  4:23  Overlord  
  56  4:24  Overlord  
  56  4:35  Zergling x2  
  56  4:36  Zergling x12  
  63  4:41  Overlord  
  63  4:45  Zergling x6  
  66  4:48  Zergling x4  
  68  4:54  Zergling x6  
  68  4:56  Zergling x4  
  72  5:10  Zergling x10  
  72  5:12  Zergling x2  
  75  5:19  Baneling x9  
  75  5:21  Drone  
  75  5:24  Roach Warren  
  75  5:27  Overlord  
  73  5:30  Zergling x10  
  78  5:36  Drone x3  
  78  5:41  Drone  
Tags
 
Add a new tag
Caveats
  • Supply blocks, unpowered buildings, or Contaminate may cause inaccurate times.
  • Supply counts are checked every 10 seconds.